[Event "SVK ECo-C Extraliga 2018-19"]
[Site "Slovakia"]
[Date "2018.11.10"]
[Round "1"]
[White "Balog, Imre"]
[Black "Grubisic, Ilija"]
[Result "1-0"]
[ECO "A45"]
[WhiteElo "2559"]
[BlackElo "2370"]
[Annotator "ChessBase"]
[PlyCount "83"]
[EventDate "2018.11.10"]
[EventType "team-tourn"]
[EventCountry "SVK"]
[SourceTitle "playchess.com"]
[Source "ChessBase"]
[SourceQuality "1"]
[WhiteTeam "Podhajska"]
[BlackTeam "Slovan"]
[TimeControl "40/5400+30:1800+30"]

1. d4 Nf6 2. Bg5 c5 3. d5 d6 4. Nc3 g6 5. e4 Bg7 6. Bb5+ Nbd7 7. a4 h6 8. Be3 O-O 9. h3 Ne8 10. Nf3 a6 11. Be2 Qa5 12. O-O Qb4 13. Qc1 Kh7 14. Nd2 Qb6 15. Nc4 Qc7 16. Qd2 b6 17. f4 Bb7 18. Bf3 Rd8 19. Kh1 e6 20. Rad1 Bxc3 21. bxc3 exd5 22. exd5 f5 23. Rb1 Nef6 24. Bf2 Rde8 25. Rfe1 Rxe1+ 26. Rxe1 Re8 27. Bh4 b5 28. Rxe8 Nxe8 29. axb5 axb5 30. Na3 Nb6 31. Nxb5 Qf7 32. c4 Nxc4 33. Qe2 Nb6 34. c4 Nc8 35. Qa2 Nc7 36. Qa5 Nxb5 37. Qxb5 Kg7 38. Bd1 Kf8 39. Ba4 Na7 40. Qb6 Nc8 41. Qd8+ Kg7 42. Be8 1-0

[Event "SVK ECo-C Extraliga 2018-19"]
[Site "Slovakia"]
[Date "2018.11.10"]
[Round "1"]
[White "Zilka, Stepan"]
[Black "Mazur, Stefan"]
[Result "1/2-1/2"]
[ECO "C50"]
[WhiteElo "2530"]
[BlackElo "2413"]
[Annotator "ChessBase"]
[PlyCount "92"]
[EventDate "2018.11.10"]
[EventType "team-tourn"]
[EventCountry "SVK"]
[SourceTitle "playchess.com"]
[Source "ChessBase"]
[SourceQuality "1"]
[WhiteTeam "Prakovce"]
[BlackTeam "Liptovska"]
[TimeControl "40/5400+30:1800+30"]

1. e4 e5 2. Nf3 Nc6 3. Bc4 Nf6 4. d3 Bc5 5. O-O d6 6. c3 h6 7. Nbd2 a5 8. Re1 O-O 9. Nf1 a4 10. Bb5 a3 11. b4 Bb6 12. h3 Ne7 13. Ng3 Ng6 14. d4 c6 15. Bf1 Re8 16. Be3 exd4 17. Bxd4 c5 18. Be3 Nxe4 19. Nxe4 Rxe4 20. bxc5 dxc5 21. Qxd8+ Bxd8 22. Bd3 Re6 23. Bxc5 Nf4 24. Bc4 Rxe1+ 25. Rxe1 Be6 26. Bxe6 Nxe6 27. Bb4 Ba5 28. Bxa5 Rxa5 29. Rb1 Nc5 30. Nd4 Kf8 31. Rb5 Rxb5 32. Nxb5 Nb3 33. Nxa3 Nc1 34. Nb5 Nxa2 35. Kf1 Ke7 36. Ke2 Nc1+ 37. Ke3 Nb3 38. g4 Ke6 39. f4 Kd5 40. h4 Nc5 41. h5 Ne6 42. f5 Ng5 43. Kf4 Nh3+ 44. Kg3 Ng5 45. Kf4 Nh3+ 46. Kg3 Ng5 1/2-1/2

[Event "SVK ECo-C Extraliga 2018-19"]
[Site "Slovakia"]
[Date "2018.11.10"]
[Round "1"]
[White "Cvek, Robert"]
[Black "Cernousek, Lukas"]
[Result "1-0"]
[ECO "A05"]
[WhiteElo "2515"]
[BlackElo "2436"]
[Annotator "ChessBase"]
[PlyCount "53"]
[EventDate "2018.11.10"]
[EventType "team-tourn"]
[EventCountry "SVK"]
[SourceTitle "playchess.com"]
[Source "ChessBase"]
[SourceQuality "1"]
[WhiteTeam "Osuske"]
[BlackTeam "Dubnica"]
[TimeControl "40/5400+30:1800+30"]

1. Nf3 Nf6 2. c4 c5 3. g3 d5 4. cxd5 Nxd5 5. Bg2 Nc6 6. d4 cxd4 7. Nxd4 Ndb4 8. Nxc6 Qxd1+ 9. Kxd1 Nxc6 10. Bxc6+ bxc6 11. Nc3 e5 12. Be3 Bf5 13. f3 Bb4 14. Rc1 O-O 15. a3 Ba5 16. Ke1 Rfb8 17. b4 Bb6 18. Bxb6 Rxb6 19. g4 Bg6 20. Kf2 a5 21. bxa5 Rxa5 22. a4 Kf8 23. h4 f6 24. h5 Bf7 25. Rb1 Bb3 26. Ne4 Rd5 27. Rhc1 1-0

[Event "SVK ECo-C Extraliga 2018-19"]
[Site "Slovakia"]
[Date "2018.11.10"]
[Round "1"]
[White "Petrik, Tomas"]
[Black "Holtman, Teodor"]
[Result "1/2-1/2"]
[ECO "C04"]
[WhiteElo "2476"]
[BlackElo "2234"]
[Annotator "ChessBase"]
[PlyCount "142"]
[EventDate "2018.11.10"]
[EventType "team-tourn"]
[EventCountry "SVK"]
[SourceTitle "playchess.com"]
[Source "ChessBase"]
[SourceQuality "1"]
[WhiteTeam "Zilina"]
[BlackTeam "Snina"]
[TimeControl "40/5400+30:1800+30"]

1. e4 e6 2. d4 d5 3. Nd2 Nc6 4. Ngf3 Nf6 5. e5 Nd7 6. Be2 Be7 7. Nf1 O-O 8. Ne3 f6 9. exf6 Nxf6 10. O-O Bd6 11. c4 b6 12. b3 Bf4 13. Nc2 Ne4 14. Bd3 Bb7 15. Qe2 Qe8 16. Bxf4 Rxf4 17. cxd5 exd5 18. Ne3 Nd6 19. Nxd5 Qxe2 20. Bxe2 Rf7 21. Rad1 Nd8 22. Ne3 Ne6 23. Ne5 Rf4 24. d5 Re4 25. dxe6 Rxe5 26. Bg4 h5 27. Bh3 g5 28. g3 Re8 29. Rc1 g4 30. Bg2 Bxg2 31. Kxg2 c5 32. h3 gxh3+ 33. Kxh3 R8xe6 34. Rcd1 Ne4 35. Nc4 Rf5 36. Kg2 Ref6 37. f3 Nc3 38. Rd2 Rd5 39. Rxd5 Nxd5 40. Re1 Nb4 41. Re8+ Kg7 42. Ne5 Nxa2 43. Re7+ Kg8 44. Kh3 Nc1 45. Kh4 Rf5 46. f4 Nxb3 47. Rxa7 Nd4 48. Rc7 b5 49. Ng6 Ne6 50. Rb7 Rf7 51. Rxb5 Rc7 52. Kxh5 c4 53. Ne5 c3 54. Nd3 c2 55. Nc1 Rh7+ 56. Kg4 Rh1 57. Nd3 Rd1 58. Rb8+ Kg7 59. Rb7+ Kf8 60. Rb8+ Ke7 61. Rb7+ Kd8 62. Rb3 Nd4 63. Rc3 Ke7 64. Rc7+ Kf6 65. Rc3 Rxd3 66. Rxd3 c1=Q 67. Rxd4 Qc8+ 68. Kh4 Qh8+ 69. Kg4 Qc8+ 70. Kh4 Qh8+ 71. Kg4 Qc8+ 1/2-1/2

[Event "SVK ECo-C Extraliga 2018-19"]
[Site "Slovakia"]
[Date "2018.11.10"]
[Round "1"]
[White "Pacher, Milan"]
[Black "Aczel, Gergely"]
[Result "0-1"]
[ECO "B90"]
[WhiteElo "2453"]
[BlackElo "2549"]
[Annotator "ChessBase"]
[PlyCount "108"]
[EventDate "2018.11.10"]
[EventType "team-tourn"]
[EventCountry "SVK"]
[SourceTitle "playchess.com"]
[Source "ChessBase"]
[SourceQuality "1"]
[WhiteTeam "Slovan"]
[BlackTeam "Podhajska"]
[TimeControl "40/5400+30:1800+30"]

1. e4 c5 2. Nf3 d6 3. d4 cxd4 4. Nxd4 Nf6 5. Nc3 a6 6. Be3 e5 7. Nf3 Qc7 8. a4 Be7 9. Be2 b6 10. O-O O-O 11. Nd2 Be6 12. Bf3 Nc6 13. Nd5 Bxd5 14. exd5 Nb4 15. c4 a5 16. b3 Nd7 17. Ne4 Qd8 18. g4 Na6 19. Ng3 Nac5 20. Bg2 Re8 21. Ra2 Nf8 22. f4 exf4 23. Bxf4 Ng6 24. Bc1 Bg5 25. Nf5 Bxc1 26. Qxc1 Nh4 27. Nd4 Qe7 28. Re2 Qd7 29. Rxe8+ Rxe8 30. Qg5 Nxg2 31. Kxg2 h6 32. Qf5 Qe7 33. h3 f6 34. Qg6 Qe4+ 35. Qxe4 Rxe4 36. Nf5 Re2+ 37. Rf2 Rxf2+ 38. Kxf2 Nxb3 39. Nxd6 Nc5 40. Nc8 Nxa4 41. d6 Nc5 42. Nxb6 Kf7 43. Ke3 a4 44. Kd2 Ke6 45. d7 Ke7 46. Kc2 Kd8 47. Kb2 g6 48. Nd5 f5 49. gxf5 gxf5 50. Ka3 Kxd7 51. Kb4 Kd6 52. Ne3 f4 53. Nf5+ Ke5 54. Nxh6 f3 0-1

[Event "SVK ECo-C Extraliga 2018-19"]
[Site "Slovakia"]
[Date "2018.11.10"]
[Round "1"]
[White "Czebe, Attila"]
[Black "Molnar, Erno"]
[Result "1-0"]
[ECO "A05"]
[WhiteElo "2401"]
[BlackElo "2233"]
[Annotator "ChessBase"]
[PlyCount "61"]
[EventDate "2018.11.10"]
[EventType "team-tourn"]
[EventCountry "SVK"]
[SourceTitle "playchess.com"]
[Source "ChessBase"]
[SourceQuality "1"]
[WhiteTeam "Streda"]
[BlackTeam "Komarno"]
[TimeControl "40/5400+30:1800+30"]

1. Nf3 Nf6 2. g3 g6 3. b3 Bg7 4. Bb2 d5 5. Bg2 O-O 6. O-O c6 7. d3 Nbd7 8. Nbd2 Qc7 9. e4 e5 10. Re1 dxe4 11. dxe4 Re8 12. Nc4 Bf8 13. a4 b6 14. Qd2 Ba6 15. Ncxe5 Rxe5 16. Nxe5 Nxe5 17. Qf4 Nfd7 18. Rad1 Bd6 19. Qd2 Be7 20. f4 Bc5+ 21. Bd4 Ng4 22. h3 Ngf6 23. e5 Ne8 24. e6 fxe6 25. Rxe6 Bb7 26. Qe2 Ng7 27. Bxc5 Nxc5 28. Re7 Ba6 29. Qe1 Qc8 30. b4 Nxa4 31. Rdd7 1-0

[Event "SVK ECo-C Extraliga 2018-19"]
[Site "Slovakia"]
[Date "2018.11.10"]
[Round "1"]
[White "Hrabusa, Matej"]
[Black "Leniart, Arkadiusz"]
[Result "1/2-1/2"]
[ECO "D00"]
[WhiteElo "2398"]
[BlackElo "2505"]
[Annotator "ChessBase"]
[PlyCount "86"]
[EventDate "2018.11.10"]
[EventType "team-tourn"]
[EventCountry "SVK"]
[SourceTitle "playchess.com"]
[Source "ChessBase"]
[SourceQuality "1"]
[WhiteTeam "Liptovska"]
[BlackTeam "Prakovce"]
[TimeControl "40/5400+30:1800+30"]

1. d4 d5 2. Bf4 Nf6 3. e3 c5 4. c3 Nc6 5. Nd2 g6 6. dxc5 e5 7. Bg3 Nh5 8. Nb3 Bg7 9. Be2 Nxg3 10. hxg3 Be6 11. Nf3 O-O 12. Qc2 a5 13. a4 Qe7 14. Rd1 Rfd8 15. O-O h5 16. Rfe1 Bf6 17. Bb5 Bf5 18. Qc1 Bg4 19. c4 dxc4 20. Rxd8+ Rxd8 21. Qxc4 Be6 22. Qc3 e4 23. Nfd4 Bxb3 24. Bxc6 bxc6 25. Qxb3 Qxc5 26. Ne2 Rd2 27. Nc3 Bxc3 28. bxc3 Kg7 29. Rc1 Qf5 30. Rf1 Qc5 31. Rc1 Qf5 32. Rf1 Qd5 33. c4 Qd3 34. Qb6 Rd1 35. Rxd1 Qxd1+ 36. Kh2 Qxa4 37. Qd4+ Kg8 38. Qxe4 c5 39. f4 Qb4 40. f5 gxf5 41. Qxf5 Qxc4 42. Qg5+ Kf8 43. Qd8+ Kg7 1/2-1/2

[Event "SVK ECo-C Extraliga 2018-19"]
[Site "Slovakia"]
[Date "2018.11.10"]
[Round "1"]
[White "Farkas, Gabor"]
[Black "Szegi, Tamas"]
[Result "1-0"]
[ECO "A05"]
[WhiteElo "2373"]
[BlackElo "2170"]
[Annotator "NA"]
[PlyCount "77"]
[EventDate "2018.11.10"]
[EventType "team-tourn"]
[EventCountry "SVK"]
[SourceTitle "playchess.com"]
[Source "ChessBase"]
[SourceQuality "1"]
[WhiteTeam "Streda"]
[BlackTeam "Komarno"]
[TimeControl "40/5400+30:1800+30"]

1. Nf3 Nf6 2. g3 g6 3. Bg2 Bg7 4. O-O O-O 5. c4 d6 6. Nc3 Nc6 7. Rb1 e5 8. d3 a6 {[%emt 0:11:14] LiveBook: 10 Games} 9. b4 h6 10. Qc2 $146 {[%emt 0:12:48] A26: English Opening vs King's Indian with ...Nc6 and d3} ({Predecessor:} 10. a4 Be6 11. b5 axb5 12. axb5 Ne7 13. Qb3 c6 14. bxc6 bxc6 15. Nd2 d5 16. Ba3 Re8 17. Rfc1 Nf5 18. cxd5 cxd5 19. Nb5 Qa5 20. Nc7 Qxd2 21. Nxe8 Rxe8 {½-½ (52) Oparin,G (2612)-Iljiushenok,I (2532) Cheliabinsk 2018}) 10... Kh7 11. e3 Be6 12. Nd2 d5 13. b5 (13. a4 $14) 13... Ne7 (13... axb5 $11 14. Rxb5 d4) 14. bxa6 bxa6 15. cxd5 Nfxd5 16. Ba3 Re8 17. Rfc1 c6 (17... Nxc3 $16 18. Qxc3 Bd5 19. Bxd5 Nxd5) 18. Nce4 Qa5 (18... a5 $142 19. Nd6 Rg8) 19. Nc4 Qd8 20. Ned6 Rg8 21. Nb7 Qe8 22. Nc5 Nc8 23. Rb7 Bf8 24. Nxe5 Nd6 {[%emt 0:00:04] [#]} 25. Nxe6 $3 Nxb7 26. Nxf8+ Rxf8 27. Bxf8 Qxe5 28. Ba3 Nd8 29. e4 Nc7 30. Bb2 Qa5 31. Qc3 Qxc3 32. Bxc3 Nde6 33. Be5 c5 34. d4 Nb5 $18 35. dxc5 Rc8 36. c6 Nbd4 37. Bxd4 Nxd4 38. Rc4 Nxc6 39. e5 1-0

[Event "SVK ECo-C Extraliga 2018-19"]
[Site "Slovakia"]
[Date "2018.11.10"]
[Round "1"]
[White "Mikrut, Dariusz"]
[Black "Tropp, Oliver"]
[Result "1-0"]
[ECO "A40"]
[WhiteElo "2372"]
[BlackElo "2209"]
[Annotator "NA"]
[PlyCount "77"]
[EventDate "2018.11.10"]
[EventType "team-tourn"]
[EventCountry "SVK"]
[SourceTitle "playchess.com"]
[Source "ChessBase"]
[SourceQuality "1"]
[WhiteTeam "Prakovce"]
[BlackTeam "Liptovska"]
[TimeControl "40/5400+30:1800+30"]

1. d4 e6 2. Nf3 Nf6 3. g3 b5 4. Bg2 Bb7 5. c3 c5 6. O-O Qb6 7. Nbd2 c4 8. a4 a6 9. b3 d5 10. Ne5 Be7 (10... cxb3 $16 {is a better defense.} 11. Qxb3 (11. Nxb3 Be7 $14) 11... Nc6) 11. axb5 cxb3 12. Qxb3 axb5 13. Rxa8 Bxa8 14. Ba3 Nc6 15. Bxe7 Nxe7 16. Qa3 Qb7 17. Rb1 O-O $18 18. c4 b4 19. Rxb4 Qc7 20. Ra4 Bb7 21. c5 Nc6 22. Nxc6 Bxc6 23. Ra7 Qb8 24. e3 Ne4 25. Nxe4 Qb1+ 26. Bf1 dxe4 27. Qa1 Qb8 28. Ra6 Bd5 29. Qc1 Rc8 30. Bc4 Bc6 31. Qa1 h5 32. h4 Qc7 33. Ra7 Qb8 34. Ra6 Qb4 35. Rxc6 Rxc6 36. Qa8+ Kh7 37. Qxc6 Qxc4 38. Qxe4+ g6 39. Qb7 1-0

[Event "SVK ECo-C Extraliga 2018-19"]
[Site "Slovakia"]
[Date "2018.11.10"]
[Round "1"]
[White "Motuz, Karol"]
[Black "Vykouk, Jan"]
[Result "0-1"]
[ECO "E15"]
[WhiteElo "2367"]
[BlackElo "2423"]
[Annotator "NA RC"]
[PlyCount "92"]
[EventDate "2018.11.10"]
[EventType "team-tourn"]
[EventCountry "SVK"]
[SourceTitle "playchess.com"]
[Source "ChessBase"]
[SourceQuality "1"]
[WhiteTeam "Dubnica"]
[BlackTeam "Osuske"]
[TimeControl "40/5400+30:1800+30"]

1. d4 Nf6 2. c4 e6 3. Nf3 b6 4. g3 Ba6 5. b3 Bb4+ 6. Bd2 Be7 7. Bg2 c6 8. O-O d5 9. Qc2 Nbd7 10. Bf4 {[%emt 0:03:36] LiveBook: 36 Games} Rc8 {[%emt 0:10:48] E15: Damenindisch (Hauptfortsetzung, Abweichungen)} (10... O-O 11. Rd1 Rc8 12. Nbd2 Nh5 13. Be5 Nhf6 14. Bf4 Nh5 15. Be5 Nhf6 16. Bf4 Nh5 {½-½ (16) Postny,E (2658)-Fedorchuk,S (2635) Bol 2015}) 11. Nbd2 Nh5 12. Be3 O-O 13. Rfd1 f5 14. Nf1 Kh8 $146 ({Vorgänger:} 14... Bd6 15. Bc1 Qf6 16. Bb2 g5 17. Rac1 g4 18. Ne1 f4 19. Nd3 Qf5 {0-1 (29) Salej,J (2114)-Mandiza,F (2390) Arlington 2013}) 15. Bc1 Bd6 16. Bb2 Qe7 17. Rac1 Nhf6 18. Ne5 Bb8 19. Nxd7 Nxd7 20. Nd2 Nf6 21. Nf3 b5 22. Ne5 Bxe5 23. dxe5 Nd7 24. cxb5 cxb5 25. Qd2 b4 26. Bd4 Bb5 27. e3 Nb8 28. Rc2 Rfe8 {[%emt 0:06:36] [#]} (28... Rc6 $14) 29. Rdc1 $1 Nc6 30. Rc5 Qb7 31. Bf1 Bxf1 32. Kxf1 Ne7 33. Rxc8 Rxc8 34. Rxc8+ Nxc8 35. Qc2 Kg8 36. Kg2 Kf7 37. Qc5 a6 38. Qa5 Ne7 39. Qd8 Qc6 40. Qb8 Qc2 41. Qa7 Qe4+ 42. f3 Qc2+ 43. Kh3 $2 {[%emt 0:01:26] [#]} (43. Kf1 $11) 43... g5 $1 44. e4 Qe2 45. exf5 h5 46. fxe6+ Kg6 0-1

[Event "SVK ECo-C Extraliga 2018-19"]
[Site "Slovakia"]
[Date "2018.11.10"]
[Round "1"]
[White "Wiewiora, Eneasz"]
[Black "Gasa, Andrej"]
[Result "1-0"]
[ECO "E10"]
[WhiteElo "2347"]
[BlackElo "2288"]
[Annotator "NA"]
[PlyCount "75"]
[EventDate "2018.11.10"]
[EventType "team-tourn"]
[EventCountry "SVK"]
[SourceTitle "playchess.com"]
[Source "ChessBase"]
[SourceQuality "1"]
[WhiteTeam "Dubnica"]
[BlackTeam "Osuske"]
[TimeControl "40/5400+30:1800+30"]

1. d4 Nf6 2. c4 e6 3. Nf3 d5 4. g3 Bb4+ 5. Bd2 Be7 6. Bg2 O-O 7. O-O Nbd7 8. Qc2 {[%emt 0:00:06] E11: Bogo-Indian} (8. Nc3 c6 9. Bf4 dxc4 10. e4 Re8 11. a4 b6 12. d5 exd5 13. exd5 Bb7 14. a5 bxa5 15. d6 Bf8 16. Nd2 Nd5 17. Nxd5 cxd5 18. Nxc4 dxc4 19. Bxb7 {½-½ (42) Nakamura,H (2777)-Karjakin,S (2773) Saint Louis 2018}) 8... Ne4 {[%emt 0:03:14] LiveBook: 103 Games} 9. Nc3 Ndf6 10. Rad1 $146 ({Predecessor:} 10. Bf4 c6 11. Ne5 Nxc3 12. bxc3 Bd6 13. Rad1 Nh5 14. Bc1 f6 15. Nf3 f5 {1-0 (50) Baenziger,F (2356)-Schmidt Schaeffer,S (2367) Switzerland 2018}) 10... c6 11. Ne5 Nd6 12. b3 Nd7 13. e4 dxe4 14. Nxe4 Nxe4 15. Qxe4 f5 16. Qe1 Nxe5 17. dxe5 Qc7 18. Ba5 Qb8 19. Rd3 b6 20. Bb4 c5 21. Bxa8 Qxa8 22. Bc3 g5 23. f3 h5 24. Qd2 Qc6 25. Rf2 Rf7 26. Kf1 b5 27. Ba5 bxc4 28. bxc4 Ba6 29. Qc3 g4 30. Bd8 Qa4 31. Rc2 Bf8 32. Bf6 gxf3 33. Rd8 Kh7 34. Kf2 Bb7 35. Rb2 Be4 36. Qd2 $18 Qa3 37. Rxf8 Rxf8 38. Qd7+ 1-0

[Event "SVK ECo-C Extraliga 2018-19"]
[Site "Slovakia"]
[Date "2018.11.10"]
[Round "1"]
[White "Zpevak, Pavel"]
[Black "Rohacek, Miroslav"]
[Result "1-0"]
[ECO "D11"]
[WhiteElo "2338"]
[BlackElo "2251"]
[Annotator "NA"]
[PlyCount "93"]
[EventDate "2018.11.10"]
[EventType "team-tourn"]
[EventCountry "SVK"]
[SourceTitle "playchess.com"]
[Source "ChessBase"]
[SourceQuality "1"]
[WhiteTeam "Dubnica"]
[BlackTeam "Osuske"]
[TimeControl "40/5400+30:1800+30"]

1. d4 d5 2. c4 c6 3. Nf3 Nf6 4. Qc2 g6 5. Bf4 {[%emt 0:01:26] LiveBook: 1007 Games} Bf5 6. Qb3 Qb6 7. e3 Bg7 8. Nc3 {[%emt 0:01:15] D11: Slav Defence: 3 Nf3 sidelines and 3...Nf6 4 e3 Bg4} Nbd7 9. Be2 dxc4 $146 ({Predecessor:} 9... O-O 10. O-O Qxb3 11. axb3 h6 12. h3 a6 13. g4 Be6 14. c5 Ne4 15. Ra4 g5 16. Bh2 f5 17. Nxe4 fxe4 18. Nd2 {½-½ (18) Konopka,M (2445)-Polak,T (2553) Decin 2009}) 10. Bxc4 Qxb3 11. Bxb3 Nb6 12. h3 Nbd5 13. Nxd5 Nxd5 14. Be5 O-O 15. O-O Rac8 16. Rfe1 Bxe5 17. Nxe5 Be6 18. Rec1 Nc7 19. Bd1 Rfd8 20. Be2 Ne8 21. Nd3 Rc7 22. f3 Bc8 23. Kf2 Nf6 24. Rc5 Nd7 25. Rc3 b6 26. Rac1 Bb7 27. b4 Nb8 28. f4 Ba6 29. Ne5 Bxe2 30. Kxe2 Rdc8 31. b5 c5 32. dxc5 bxc5 33. Nc6 Kf8 34. Nxb8 Rxb8 35. Rxc5 Rcb7 36. a4 Ke8 37. Rc8+ Kd7 38. Rxb8 Rxb8 39. Rc6 Rb7 40. Kd3 Kd8 41. Kc3 Rd7 42. Kb4 Rd3 $18 43. Rc3 Rd7 44. Ka5 e5 45. fxe5 Re7 46. Ka6 g5 47. Rc5 1-0

[Event "SVK ECo-C Extraliga 2018-19"]
[Site "Slovakia"]
[Date "2018.11.10"]
[Round "1"]
[White "Chovan, Milan"]
[Black "Franzen, Jozef"]
[Result "1-0"]
[ECO "E91"]
[WhiteElo "2332"]
[BlackElo "2239"]
[Annotator "NA"]
[PlyCount "79"]
[EventDate "2018.11.10"]
[EventType "team-tourn"]
[EventCountry "SVK"]
[SourceTitle "playchess.com"]
[Source "ChessBase"]
[SourceQuality "1"]
[WhiteTeam "Podhajska"]
[BlackTeam "Slovan"]
[TimeControl "40/5400+30:1800+30"]

1. d4 Nf6 2. c4 g6 3. Nc3 Bg7 4. e4 d6 5. Nf3 O-O 6. Be2 Nbd7 7. O-O e5 8. Be3 c6 9. d5 cxd5 10. cxd5 Ng4 11. Bg5 f6 12. Bh4 {[%emt 0:06:06] E94: King's Indian: Classical: 6 Be2 e5 7 0-0: Various Black 7th moves} Nh6 13. Nd2 g5 14. Bg3 f5 15. exf5 Nxf5 16. Nde4 h6 $146 ({Predecessor:} 16... Bh6 17. Bd3 Nf6 18. Nxf6+ Rxf6 19. Ne4 Rg6 {1-0 (50) Cummings,D (2369)-Gaspariants,V (2305) Sackville 2001}) 17. Rc1 Nf6 18. Nxf6+ Bxf6 19. Bg4 Nd4 20. Ne4 Be7 21. Kh1 Qa5 22. Bxc8 Raxc8 23. Rxc8 Rxc8 24. Qg4 Qd8 25. h4 Kg7 $2 (25... Qf8 $1 $11 {and Black has nothing to worry.}) 26. hxg5 hxg5 27. f4 exf4 28. Bxf4 Qh8+ 29. Bh2 Rf8 30. Rxf8 Qxf8 31. Ng3 Bf6 32. Nh5+ Kh6 33. Bg1 Nb5 34. Ng3 Qe8 35. Qh3+ Kg7 36. Nh5+ Kg6 $18 (36... Kf7 $16) 37. Qd3+ Kxh5 38. Qh7+ Kg4 39. Qh3+ Kf4 40. Qf3+ 1-0

[Event "SVK ECo-C Extraliga 2018-19"]
[Site "Slovakia"]
[Date "2018.11.10"]
[Round "1"]
[White "Jablonicky, Martin"]
[Black "Piesik, Piotr"]
[Result "1-0"]
[ECO "A04"]
[WhiteElo "2330"]
[BlackElo "2407"]
[Annotator "ChessBase"]
[PlyCount "77"]
[EventDate "2018.11.10"]
[EventType "team-tourn"]
[EventCountry "SVK"]
[SourceTitle "playchess.com"]
[Source "ChessBase"]
[SourceQuality "1"]
[WhiteTeam "Osuske"]
[BlackTeam "Dubnica"]
[TimeControl "40/5400+30:1800+30"]

1. Nf3 g6 2. g3 Bg7 3. Bg2 d5 4. O-O Nf6 5. b3 Ne4 6. d4 O-O 7. Bb2 c6 8. c4 Bf5 9. e3 a5 10. a4 Na6 11. Nfd2 Nf6 12. Nc3 Nb4 13. e4 dxe4 14. Ndxe4 Nxe4 15. Nxe4 Qb6 16. Qd2 Rad8 17. Rad1 e5 18. Nd6 exd4 19. Nxf5 gxf5 20. Qg5 Qc5 21. Bh3 h6 22. Qh5 Rfe8 23. Bxf5 Re5 24. g4 Kf8 25. Bc1 Rd6 26. Bf4 d3 27. Bxe5 Qxe5 28. Rfe1 Qf4 29. Re4 Qf3 30. Rde1 Bc3 31. Re7 Rf6 32. Rxf7+ Rxf7 33. Qxh6+ Bg7 34. Qd6+ Kg8 35. Re8+ Rf8 36. Qe6+ Kh8 37. Rxf8+ Bxf8 38. Qf6+ Kg8 39. Be6+ 1-0

[Event "SVK ECo-C Extraliga 2018-19"]
[Site "Slovakia"]
[Date "2018.11.10"]
[Round "1"]
[White "Haring, Viktor"]
[Black "Manik, Mikulas"]
[Result "1/2-1/2"]
[ECO "B69"]
[WhiteElo "2314"]
[BlackElo "2404"]
[Annotator "ChessBase"]
[PlyCount "70"]
[EventDate "2018.11.10"]
[EventType "team-tourn"]
[EventCountry "SVK"]
[SourceTitle "playchess.com"]
[Source "ChessBase"]
[SourceQuality "1"]
[WhiteTeam "Liptovska"]
[BlackTeam "Prakovce"]
[TimeControl "40/5400+30:1800+30"]

1. e4 c5 2. Nf3 d6 3. d4 cxd4 4. Nxd4 Nf6 5. Nc3 Nc6 6. Bg5 e6 7. Qd2 a6 8. O-O-O Bd7 9. f4 Be7 10. Nf3 b5 11. Bxf6 gxf6 12. f5 Qa5 13. Kb1 h5 14. g3 Rc8 15. Bh3 Ne5 16. Nxe5 fxe5 17. Rhf1 b4 18. Ne2 Qc5 19. Nc1 a5 20. Nd3 Qc6 21. Qf2 Rc7 22. fxe6 fxe6 23. Qf7+ Kd8 24. Qf2 Kc8 25. Qd2 Qxe4 26. Rf7 Rh7 27. Bg2 Qg6 28. Rxh7 Qxh7 29. Qe2 Bc6 30. Nxe5 dxe5 31. Qa6+ Bb7 32. Bxb7+ Rxb7 33. Qa8+ Kc7 34. Qxa5+ Kb8 35. Rd8+ Bxd8 1/2-1/2

[Event "SVK ECo-C Extraliga 2018-19"]
[Site "Slovakia"]
[Date "2018.11.10"]
[Round "1"]
[White "Havlicek, Libor"]
[Black "Gazik, Viktor"]
[Result "0-1"]
[ECO "A04"]
[WhiteElo "2307"]
[BlackElo "2483"]
[Annotator "ChessBase"]
[PlyCount "62"]
[EventDate "2018.11.10"]
[EventType "team-tourn"]
[EventCountry "SVK"]
[SourceTitle "playchess.com"]
[Source "ChessBase"]
[SourceQuality "1"]
[WhiteTeam "Slovan"]
[BlackTeam "Podhajska"]
[TimeControl "40/5400+30:1800+30"]

1. Nf3 g6 2. c4 Bg7 3. e4 e5 4. d4 exd4 5. Nxd4 Nc6 6. Nb5 Nge7 7. Be2 f5 8. exf5 Nxf5 9. h4 d6 10. Bg5 Qd7 11. N1c3 a6 12. Na3 h6 13. Bd2 Qf7 14. Bf3 Ncd4 15. Be4 O-O 16. Bd5 Be6 17. Qg4 Bxd5 18. Nxd5 Rae8+ 19. Kd1 b5 20. Nf4 bxc4 21. Qxg6 Qd7 22. Bc3 Re4 23. g4 Rf6 24. Qh5 Qa4+ 25. Kc1 Rxf4 26. gxf5 R6xf5 27. Qd1 Qxd1+ 28. Rxd1 Ne2+ 29. Kc2 Nxc3 30. bxc3 Rxf2+ 31. Rd2 R5f3 0-1

[Event "SVK ECo-C Extraliga 2018-19"]
[Site "Slovakia"]
[Date "2018.11.10"]
[Round "1"]
[White "Jancovic, Peter"]
[Black "Gazik, Igor"]
[Result "0-1"]
[ECO "E62"]
[WhiteElo "2299"]
[BlackElo "2220"]
[Annotator "NA"]
[PlyCount "68"]
[EventDate "2018.11.10"]
[EventType "team-tourn"]
[EventCountry "SVK"]
[SourceTitle "playchess.com"]
[Source "ChessBase"]
[SourceQuality "1"]
[WhiteTeam "Slovan"]
[BlackTeam "Podhajska"]
[TimeControl "40/5400+30:1800+30"]

1. d4 Nf6 2. c4 g6 3. Nf3 Bg7 4. g3 O-O 5. Bg2 d6 6. O-O Nc6 7. Nc3 Bf5 8. Nh4 Bd7 9. e4 {[%emt 0:03:41] E62: King's Indian: Fianchetto: 6...c6 and Panno Variation (6...Nc6) without ...a6} (9. f4 Na5 10. b3 c5 11. dxc5 dxc5 12. Bd2 Bc6 13. Nd5 Nxd5 14. cxd5 Bb5 15. Rc1 Rc8 16. Bc3 Qb6 17. Bxg7 Kxg7 {1-0 (52) Gajewski,G (2628)-Fedorov,A (2598) Khanty-Mansiysk 2017 CBM 179 [Krasenkow,M]}) 9... e5 10. d5 Nd4 11. f4 c6 12. Kh1 $146 ({Predecessor:} 12. fxe5 dxe5 13. Be3 c5 14. h3 Ne8 15. Ne2 Nd6 16. b3 b6 {0-1 (37) Chenchik,A (2100)-Savitskiy,S (2143) Khanty-Mansiysk 2009}) 12... cxd5 13. cxd5 b5 14. fxe5 dxe5 15. Nf3 b4 16. Nxd4 exd4 17. Ne2 Re8 18. Bg5 Qb6 19. Bxf6 Bxf6 20. Rc1 Bg5 21. Nf4 Bb5 22. Re1 d3 23. e5 Qd4 (23... Rad8 $17 24. Qd2 Rc8) 24. Re4 Qxb2 25. Rb1 Qc3 26. Rexb4 Bc4 27. d6 Rad8 28. Rxc4 Qxc4 29. Nxd3 Rb8 30. Bb7 $2 {[%emt 0:02:17] [#]} (30. Rxb8 $15 Rxb8 31. h4) 30... Rxb7 $1 31. Rxb7 Qd5+ 32. Kg1 Be3+ 33. Kf1 Qxb7 34. Qa4 Qf3+ 0-1